 Dungeon Crawl Stone Soup version 0.23.0-3-gf3c87f2 (webtiles) character file.

Game seed: 2505783186406952278

339924 Monsterracer the Slayer (level 21, -7/148 HPs)
             Began as a Gargoyle Skald on Feb 21, 2019.
             Was the Champion of the Shining One.
             Killed from afar by an ancient lich (74 damage)
             ... with a crystal spear
             ... on level 5 of the Vaults.
             The game lasted 01:35:26 (49088 turns).

Monsterracer the Slayer (Gargoyle Skald)           Turns: 49088, Time: 01:35:27

Health: -7/148     AC: 56    Str: 21    XL:     21   Next: 97%
Magic:  33/33      EV:  8    Int: 22    God:    the Shining One [******]
Gold:   1502       SH: 21    Dex: 12    Spells: 24/24 levels left

rFire    + + +     SeeInvis +   a - +6 eveningstar (elec)
rCold    + . .     Gourm    .   O - +0 large shield
rNeg     + + +     Faith    .   K - +9 plate armour of Moral Flaws {rF+ Slay+2}
rPois    ∞         Spirit   .   j - +2 helmet {SInv}
rElec    +         Reflect  .   N - +2 cloak {rF+}
rCorr    .         Harm     .   s - +2 pair of gloves {Dex+3}
MR       ++++.     Clarity  +   R - +2 pair of boots {Stlth+}
Stlth    ..........             i - amulet of the Four Winds {rN+ MR+++ Clar}
HPRegen  0.34/turn              C - ring "Tujo" {+Fly rC+ SInv Stlth-}
MPRegen  0.23/turn              S - ring of Oroenico {rF+ AC+3 Int+4}

@: corroded, flying, glowing
A: big wings, negative energy resistance 1, electricity resistance, unbreathing,
petrification resistance, rot immunity, AC +16
}: 2/15 runes: barnacled, gossamer
a: Stop Flying, Divine Shield, Cleansing Flame, Summon Divine Warrior, Brand
Weapon With Holy Wrath, Renounce Religion


You were on level 5 of the Vaults.
You worshipped the Shining One.
The Shining One was exalted by your worship.
You were not hungry.

You visited 7 branches of the dungeon, and saw 37 of its levels.
You visited the Abyss 1 time.
You also visited: Volcano and Desolation.

You collected 3918 gold pieces.
You spent 2218 gold pieces at shops.
You donated 198 gold pieces to Zin.

Inventory:

Hand Weapons
 a - a +6 eveningstar of electrocution (weapon)
   (You bought it in a shop on level 2 of the Orcish Mines)
Missiles
 q - 12 throwing nets (quivered) {!f}
Armour
 j - a +2 helmet of see invisible (worn)
   (You took it off Robin on level 2 of the Dungeon)
 n - the +3 crown of Dyrovepreva {rElec Int+2 SInv}
   (You found it on level 2 of the Vaults)

   It affects your intelligence (+2).
   It insulates you from electricity.
   It lets you see invisible.
 s - a +2 pair of gloves of dexterity (worn)
   (You bought it in a shop on level 9 of the Dungeon)
 K - the +9 plate armour of Moral Flaws (worn) {rF+ Slay+2}
   (You took it off an orc on level 6 of the Dungeon)

   It affects your accuracy and damage with ranged weapons and melee attacks
   (+2).
   It protects you from fire.
 N - a +2 cloak of fire resistance (worn)
   (You found it in a volcano)
 O - a +0 large shield (worn)
   (You took it off Louise on level 15 of the Dungeon)
 Q - a +1 crystal plate armour
   (You found it in the Desolation of Salt)
 R - a +2 pair of boots of stealth (worn)
   (You found it on level 4 of the Shoals)
Jewellery
 i - the amulet of the Four Winds (around neck) {rN+ MR+++ Clar}
   (You bought it in a shop on level 2 of the Vaults)

   [amulet of nothing]

   It protects you from negative energy.
   It affects your resistance to hostile enchantments.
   It protects you against confusion.
 v - an uncursed ring of resist corrosion
   (You found it on level 6 of the Lair of Beasts)
 C - the ring "Tujo" (left hand) {+Fly rC+ SInv Stlth-}
   (You found it on level 1 of the Shoals)

   [ring of flight]

   It protects you from cold.
   It lets you see invisible.
   It lets you fly.
   It makes you less stealthy.
 S - the ring of Oroenico (right hand) {rF+ AC+3 Int+4}
   (You found it in the Desolation of Salt)

   [ring of protection]

   It affects your AC (+3).
   It affects your intelligence (+4).
   It protects you from fire.
Wands
 b - a wand of acid (19)
   (You found it on level 11 of the Dungeon)
 J - a wand of digging (9)
   (You found it on level 3 of the Lair of Beasts)
 L - a wand of iceblast (22)
   (You found it on level 5 of the Dungeon)
Scrolls
 f - 5 scrolls of identify
 l - 2 scrolls of enchant armour
 m - 8 scrolls of magic mapping
 r - 12 scrolls of remove curse
 t - 8 scrolls of teleportation {!r}
 w - a scroll of silence
 x - 8 scrolls of fear {!r}
 D - 5 scrolls of noise
 E - 8 scrolls of fog
 X - 8 scrolls of blinking
Potions
 d - 5 potions of heal wounds
 e - 7 potions of curing
 g - 9 potions of agility
 h - 6 potions of haste
 k - a potion of lignification
 o - 4 potions of resistance
 z - 6 potions of brilliance
 A - 5 potions of cancellation
 B - a potion of berserk rage {!q}
 F - 6 potions of ambrosia {!q}
 H - 3 potions of mutation {!q}
 I - 4 potions of magic
 M - 3 potions of invisibility
 P - 7 potions of might
Miscellaneous
 u - a box of beasts
 y - a lamp of fire
   (You found it on level 1 of the Shoals)
 G - 2 sacks of spiders
Comestibles
 c - 47 rations


   Skills:
 + Level 21.1 Fighting
 - Level 16.0 Maces & Flails
 + Level 17.0 Armour
 - Level 5.2 Dodging
 + Level 17.4 Shields
 - Level 2.0 Spellcasting
   Level 2.6 Charms
 * Level 17.5 Invocations


You had 24 spell levels left.
You didn't know any spells.
Your spell library contained the following spells:

 Spells                   Type           Power        Failure   Level  Hunger
 Infusion                 Chrm           ##..         71%         1    #......
 Song of Slaying          Chrm           ##......     85%         2    ##.....
 Shroud of Golubria       Chrm/Tloc      #.........   95%         2    ##.....
 Animate Skeleton         Necr           N/A          97%         1    #......
 Beastly Appendage        Tmut           #.....       97%         1    #......
 Corona                   Hex            #......      97%         1    #......
 Flame Tongue             Conj/Fire      #....        97%         1    #......
 Pain                     Necr           #...         97%         1    #......
 Sting                    Conj/Pois      #...         97%         1    #......
 Ensorcelled Hibernation  Hex/Ice        #.....       99%         2    ##.....
 Poisonous Vapours        Pois/Air       #.....       99%         2    ##.....
 Slow                     Hex            #.......     99%         2    ##.....
 Sticks to Snakes         Tmut           #.......     99%         2    ##.....
 Throw Flame              Conj/Fire      #.....       99%         2    ##.....
 Regeneration             Chrm/Necr      #.........   99%         3    ###....
 Spectral Weapon          Hex/Chrm       #.......     99%         3    ###....
 Confuse                  Hex            #.......     100%        3    ###....
 Conjure Flame            Conj/Fire      #.......     100%        3    ###....
 Dazzling Spray           Conj/Hex       #.....       100%        3    ###....
 Ignite Poison            Fire/Tmut/Pois #.......     100%        3    ###....
 Inner Flame              Hex/Fire       #.......     100%        3    ###....
 Lesser Beckoning         Tloc           #.........   100%        3    ###....
 Mephitic Cloud           Conj/Pois/Air  #.......     100%        3    ###....
 Portal Projectile        Hex/Tloc       #.....       100%        3    ###....
 Recall                   Summ/Tloc      N/A          100%        3    ###....
 Spider Form              Tmut/Pois      #.........   100%        3    ###....
 Tukima's Dance           Hex            #.......     100%        3    ###....
 Vampiric Draining        Necr           #.........   100%        3    ###....
 Animate Dead             Necr           N/A          100%        4    #####..
 Cause Fear               Hex            #.........   100%        4    #####..
 Ice Form                 Ice/Tmut       #.......     100%        4    #####..
 Leda's Liquefaction      Hex/Erth       #.........   100%        4    #####..
 Olgreb's Toxic Radiance  Pois           #.......     100%        4    #####..
 Petrify                  Tmut/Erth      #.......     100%        4    #####..
 Sticky Flame             Conj/Fire      #.......     100%        4    #####..
 Summon Ice Beast         Ice/Summ       #.......     100%        4    #####..
 Alistair's Intoxication  Tmut/Pois      #.......     100%        5    ######.
 Blade Hands              Tmut           #.........   100%        5    ######.
 Bolt of Magma            Conj/Fire/Erth #.........   100%        5    ######.
 Fireball                 Conj/Fire      #.........   100%        5    ######.
 Metabolic Englaciation   Hex/Ice        #.........   100%        5    ######.
 Silence                  Hex/Air        #.........   100%        5    ######.
 Venom Bolt               Conj/Pois      #.........   100%        5    ######.
 Yara's Violent Unravell  Hex/Tmut       #.........   100%        5    ######.
 Bolt of Cold             Conj/Ice       #.........   100%        6    #######
 Bolt of Fire             Conj/Fire      #.........   100%        6    #######
 Deflect Missiles         Chrm/Air       #.........   100%        6    #######
 Dispersal                Tloc           #.........   100%        6    #######
 Freezing Cloud           Conj/Ice/Air   #.........   100%        6    #######
 Dragon Form              Tmut           #.........   100%        7    #######
 Malign Gateway           Summ/Tloc      #.........   100%        7    #######
 Monstrous Menagerie      Summ           #.........   100%        7    #######
 Ring of Flames           Chrm/Fire      #.........   100%        7    #######
 Summon Greater Demon     Summ           #.........   100%        7    #######
 Discord                  Hex            #.........   100%        8    #######
 Disjunction              Tloc           #.........   100%        8    #######
 Ignition                 Fire           #.........   100%        8    #######
 Summon Horrible Things   Summ           #.........   100%        8    #######
 Dragon's Call            Summ           #.........   100%        9    #######
 Statue Form              Tmut/Erth      Unusable     N/A         6    N/A

Dungeon Overview and Level Annotations

Branches:
Dungeon (15/15)            Temple (1/1) D:7            Lair (6/6) D:8
 Shoals (4/4) Lair:3       Spider (4/4) Lair:2        Slime (0/5) Lair:6
    Orc (2/2) D:9             Elf (0/3) Orc:2        Vaults (5/5) D:14
  Crypt (0/3) Vaults:3     Depths (0/5) D:15

Altars:
Ashenzari
Cheibriados
Dithmenos
Elyvilon
Fedhas
Gozag
Hepliaklqana
Kikubaaqudgha
Makhleb
Nemelex Xobeh
Okawaru
Qazlal
Ru
Sif Muna
Trog
Uskayaw
Vehumet
Wu Jian
Xom
Yredelemnul
Zin
The Shining One
Beogh
Jiyva

Shops:
D:7 ?   D:9 [   Orc:2 :!!(   Vaults:2 =   Vaults:3 *   Vaults:4 (

Annotations:
D:9 1 runed translucent door, exclusion: 3 orange crystal statues
Lair:6 1 runed translucent door


Innate Abilities, Weirdness & Mutations

You are resistant to torment.
Your stone body is resilient. (AC +16)
You are immune to poison.
Your large and strong wings let you fly indefinitely.
You resist negative energy. (rN+)
You are resistant to electric shocks. (rElec)
You can survive without breathing.
You are immune to petrification.
You are immune to rotting.


Message History

The ancient lich is moderately damaged.
The ancient lich touches you but does no damage.
You block the orc knight's attack.
You hit the ancient lich but do no damage.
The ancient lich is moderately damaged.
The ancient lich touches you but does no damage.
You puncture the ancient lich!
The ancient lich is moderately damaged.
The ancient lich touches you but does no damage.
The orc knight hits you but does no damage.
You hit the ancient lich but do no damage.
The ancient lich is moderately damaged.
You block the ancient lich's attack. You block the orc knight's attack.
You bludgeon the ancient lich!!
The ancient lich is heavily damaged.
The ancient lich touches you but does no damage.
You block the ancient lich's attack.
You hit the ancient lich but do no damage.
The ancient lich is heavily damaged.
You block the orc knight's attack.
The ancient lich touches you but does no damage.
You hit the ancient lich but do no damage.
The ancient lich is heavily damaged.
You block the ancient lich's attack.
You hit the ancient lich but do no damage.
The ancient lich is heavily damaged.
You block the orc knight's attack. You block the ancient lich's attack.
You sock the ancient lich!
The ancient lich is heavily damaged.
The ancient lich touches you but does no damage.
You block the orc knight's attack.
You hit the ancient lich but do no damage.
The ancient lich is heavily damaged.
You block the ancient lich's attack.
You closely miss the ancient lich.
The ancient lich is heavily damaged.
You block the ancient lich's attack. You block the orc knight's attack.
You hit the ancient lich but do no damage.
The ancient lich is heavily damaged.
You block the ancient lich's attack.
You hit the ancient lich but do no damage.
The ancient lich is heavily damaged.
You block the ancient lich's attack.
The orc knight hits you with a +0 halberd.
* * * LOW HITPOINT WARNING * * *
You take 4 damage, and have 30/148 hp.
Unknown command.
You hit the ancient lich but do no damage.
The ancient lich is heavily damaged.
The ancient lich touches you but does no damage.
You block the orc knight's attack.
You hit the ancient lich but do no damage.
The ancient lich is heavily damaged.
You are no longer corroded.
The ancient lich casts a spell at you. The bolt of acid hits you!!!
The Shining One protects you from harm! The acid corrodes you!
You are splashed with acid!
* * * LOW HITPOINT WARNING * * *
The ancient lich touches you but does no damage.
You take 8 damage, and have 22/148 hp.
Unknown command.
You feel much better. You block the orc knight's attack.
The ancient lich touches you!
* * * LOW HITPOINT WARNING * * *
You regained 9 hp, and now have 31/148 hp.
MP restored: 33 Evoke which item? (* to show all) (? for menu, Esc to quit)
Okay, then.
Evoke which item? (* to show all) (? for menu, Esc to quit)
Okay, then.
Okay, then.
Okay, then.
You feel much better. You block the ancient lich's attack.
You block the orc knight's attack.
The ancient lich touches you but does no damage.
You regained 23 hp, and now have 54/148 hp.
You puncture the ancient lich!
The ancient lich is heavily damaged.
The ancient lich touches you but does no damage.
You block the orc knight's attack.
You hit the ancient lich but do no damage.
The ancient lich is heavily damaged.
The ancient lich points at you and mumbles some strange words.
The bolt of acid hits you!!
* * * LOW HITPOINT WARNING * * *
You are splashed with acid!
* * * LOW HITPOINT WARNING * * *
You take 44 damage, and have 11/148 hp.
MASSIVE DAMAGE!!
You feel much better.
Your hearing returns.
The ancient lich barely misses you. You block the orc knight's attack.
You regained 29 hp, and now have 40/148 hp.
You feel much better. You block the ancient lich's attack.
You block the orc knight's attack.
The ancient lich gestures at you while chanting.
The crystal spear hits you!!!!
Ouch! That really hurt!
You die...

,,,,*,,*,,,,,,,*,,,*,,,,,,,*,,*,,
,,,,*,,*,,,,,..*,,,*...,,,,*,,*,,
,,,,*,,*,,,,,,.#####...,,,,*,,*,,
,,,,*,,*,,,,,,........,,,,,*,,*,,
,,,,*,,***#####.....#*******,,*,,
,,,,*,,,,,,...#.....#,,,,,,,,,*,,
,,,,*,,,,,,,,..).)..#,,,,,,,,,*,,
,,,,*,,,,,,,,,#oL...#,,,,,,,,,*,,
,,,,*,,########(@...##******,,*,,
,,,,*,,#........))....%.,,,*,,*,,
,,,,*,,#.....(.#####....,,,*,,*,,
,,,,*,,#...)...#,,,*,...,,,*,,*,,
,,,,*,,#.......#,,,*,,,.,,,*,,*,,
,,,,*,,#(......#,,,*,,,,,,,*,,*,,
,,,,*,,#########,,,*********,,*,,
,,,,*,,,,,,,,,,,,,,,,,,,,,,,,,*,,
,,,,,,,,,,,,,,,,,,,,,,,,,,,,,,,,,


You could see an ancient lich and an orc knight.

Vanquished Creatures
  Boris (Vaults:4)
  Saint Roka (Vaults:1)
  Asterion (Vaults:4)
  An ancient champion (Vaults:3)
  Agnes (D:15)
  A sphinx (Vaults:4)
  2 krakens (Shoals:3 Shoals:4)
  A fire giant (Vaults:3)
  The ghost of Sharpo the Bludgeoner, an adept GrFi of Okawaru (Shoals:1)
  A tengu reaver (Vaults:4)
  Ilsuiw (Shoals:3)
  2 frost giants (Shoals:2 Vaults:3)
  3 draconian knights (Vaults:4)
  12 vault wardens (Vaults:1 Vaults:2 Vaults:3 Vaults:4)
  A deep elf sorcerer (Vaults:1)
  Louise (D:15)
  8 emperor scorpions (Spider:1 Spider:2 Spider:4)
  5 imperial myrmidons (Desolation)
  5 ghost moths (Spider:2 Spider:3 Spider:4)
  4 stone giants (Vaults:2 Vaults:3 Vaults:4)
  A spriggan defender (Vaults:4)
  8 ironheart preservers (D:14 Vaults:1 Vaults:3 Vaults:4)
  A war gargoyle (Vaults:5)
  Nessos (D:12)
  Azrael (D:15)
  A spark wasp (shapeshifter) (Vaults:1)
  A spark wasp (Spider:3)
  A halazid warlock (Desolation)
  2 merfolk javelineers (Shoals:2 Shoals:4)
  2 crystal guardians (Desolation)
  2 deep elf death magi (Vaults:1 Vaults:3)
  2 fire dragons (Vaults:1 D:14)
  6 merfolk impalers (Shoals:2 Shoals:3 Shoals:4)
  2 spectral krakens (Shoals:1)
  6 ragged hierophants (Desolation)
  2 rakshasas (Vaults:1 Vaults:2)
  4 great orbs of eyes (Vaults:1 Vaults:2 Vaults:3 Vaults:4)
  6 yaktaur captains (Vaults:1 Vaults:2 Vaults:3 Vaults:5)
  8 servants of whispers (Vaults:3 Desolation)
  A catoblepas (Lair:1)
  17 vault guards (Vaults:1 Vaults:2 Vaults:3 Vaults:4)
  4 peacekeepers (Desolation)
  4 hydras (Lair:3 D:14 D:15)
  3 ice dragons (Lair:6 Vaults:1 Vaults:2)
  2 centaur warriors (Vaults:3)
  29 two-headed ogres (D:9 D:11 D:13 D:14 D:15)
  2 merfolk aquamancers (Shoals:4)
  A satyr (Shoals:4)
  A death knight (D:14)
  4 merfolk avatars (Shoals:1 Shoals:4)
  An alligator snapping turtle (Shoals:4)
  6 ogre magi (D:15 Vaults:1 Vaults:4)
  10 death yaks (Lair:6 Lair:5 Lair:3)
  2 vampire magi (Vaults:3)
  2 tengu warriors (D:12 D:14)
  A thrashing horror (Abyss:2)
  4 orc high priests (Orc:2 Vaults:1)
  4 deep elf knights (Vaults:1 Vaults:2 Vaults:4)
  Urug (Lair:1)
  A fire crab (Volcano)
  8 skeletal warriors (Vaults:1 D:14 Vaults:2)
  A fire crab (shapeshifter) (D:15)
  A sixfirhy (Abyss:2)
  3 flayed ghosts (Vaults:1 Vaults:2 Vaults:3)
  4 deep trolls (Vaults:4)
  12 sea snakes (Shoals:1 Shoals:2 Shoals:3 Shoals:4)
  A spatial maelstrom (Abyss:2)
  2 orange crystal statues (D:9 Vaults:2)
  4 unseen horrors (D:13 D:14 D:15)
  3 wizards (Vaults:1 Vaults:2 Vaults:3)
  5 deep elf archers (Vaults:1 Vaults:2 Vaults:3)
  A glowing orange brain (Vaults:3)
  16 ironbrand convokers (Vaults:1 Vaults:2 Desolation Vaults:3 Vaults:4)
  3 lindwurms (Lair:5 Volcano Lair:1)
  15 orc knights (Orc:1 Orc:2 Vaults:1 Vaults:2 Vaults:3)
  A harpy (shapeshifter) (Vaults:3)
  2 necromancers (Vaults:1 Vaults:2)
  22 orb spiders (Spider:1 Spider:2 Spider:3 Spider:4)
  A wolf spider zombie (D:15)
  A phantasmal warrior (Vaults:4)
  23 wolf spiders (D:15 Spider:1 Lair:2 Spider:2 Spider:3)
  A fire giant zombie (Abyss:2)
  A tengu skeleton (Vaults:1)
  29 harpies (Shoals:1 Shoals:2 Shoals:3 Shoals:4 Vaults:2)
  15 ugly things (D:11 D:12 D:13 D:14 Vaults:1)
  14 cyclopes (D:11 D:12 D:15 Shoals:2 Shoals:3)
  4 fauns (Shoals:3)
  A moth of wrath (shapeshifter) (Vaults:2)
  15 manticores (D:11 D:14 D:15 Shoals:1 Shoals:2)
  A faun (shapeshifter) (Vaults:1)
  A human zombie (Vaults:1)
  A worldbinder (Abyss:2)
  4 deep elf magi (Vaults:1 Vaults:2 Vaults:3 Vaults:5)
  A salamander (shapeshifter) (Vaults:2)
  2 moths of wrath (Spider:2)
  7 orc sorcerers (Orc:2 Vaults:2 Vaults:5)
  A manticore (shapeshifter) (Vaults:5)
  5 elephants (Lair:4 Lair:3)
  7 guardian serpents (Abyss:2 Desolation)
  An apocalypse crab (Abyss:2)
  8 water nymphs (Shoals:2 Shoals:3 Shoals:4)
  8 merfolk sirens (Shoals:1 Shoals:2 Shoals:3 Shoals:4)
  13 vault sentinels (Vaults:1 Vaults:2 Vaults:3 Vaults:4)
  5 centaur zombies (D:11 D:12 D:13)
  6 black mambas (Lair:1 Lair:5 Lair:6)
  4 smoke demons (Abyss:2)
  2 naga magi (D:13 Abyss:2)
  12 spiny frogs (Lair:1 Lair:3 Lair:4 Lair:5 Lair:6)
  3 gargoyles (D:11 D:12)
  3 torpor snails (Spider:1 Spider:2 Spider:4)
  3 freezing wraiths (D:14 Vaults:1 Vaults:4)
  A rime drake (Lair:4)
  2 efreet (D:14 D:15)
  28 yaktaurs (Vaults:1 Vaults:2 Vaults:3 Vaults:4)
  2 kobold demonologists (D:12 D:13)
  2 komodo dragons (D:13 D:15)
  A yaktaur (shapeshifter) (D:14)
  4 tengu conjurers (D:12 D:13 D:14)
  17 demonic crawlers (Spider:1 Lair:2 Spider:2 Spider:3 Spider:4)
  30 merfolk (Shoals:1 Shoals:2 Shoals:3 Shoals:4)
  10 trolls (D:7 D:9 Orc:1 Orc:2 D:12)
  27 jumping spiders (Spider:1 Lair:2 Spider:2 Spider:3 Spider:4)
  A jumping spider (shapeshifter) (Vaults:2)
  A meliai (shapeshifter) (Vaults:2)
  7 polar bears (Lair:5 Lair:6)
  A tyrant leech (shapeshifter) (Vaults:3)
  3 meliai (Spider:4)
  8 hornets (Lair:6 Spider:2 Vaults:2 Vaults:3 Vaults:4)
  Grinder (D:6)
  56 saltlings (Vaults:3 Desolation)
  6 wind drakes (Shoals:1 Shoals:2 Shoals:3 Shoals:4)
  11 blink frogs (Lair:3 Lair:4 Lair:6)
  8 raiju (Abyss:2)
  8 slime creatures (D:13 D:15 Vaults:2)
  14 snapping turtles (Shoals:2 Shoals:3 Shoals:4)
  11 dream sheep (Lair:5 Lair:6 Shoals:3)
  14 hippogriffs (Lair:3 Lair:4 Lair:6 Lair:1 D:9)
  2 human simulacra (Vaults:2)
  79 redbacks (Spider:1 Lair:2 Spider:2 Spider:3 Spider:4)
  3 wraiths (D:13 D:14)
  3 shadows (D:14 D:15)
  7 water elementals (Shoals:2 Shoals:4)
  Sigmund (D:6)
  A vampire (D:12)
  31 tarantellas (Spider:1 Lair:2 Spider:2 Spider:3 Spider:4)
  A tarantella (shapeshifter) (Vaults:3)
  10 spriggans (Lair:6)
  5 wyverns (Lair:3 Lair:1 D:15)
  62 yaks (Lair:1 Lair:2 Lair:3 Lair:4 Lair:5)
  4 fire elementals (D:15)
  3 basilisks (Lair:3 Lair:5 D:13)
  A human (shapeshifter) (Vaults:2)
  A golden eye (Abyss:2)
  10 fire bats (Volcano Abyss:2)
  2 yaktaur simulacra (Vaults:1 Vaults:3)
  A chaos spawn (Abyss:2)
  A steam dragon (Volcano)
  4 hungry ghosts (D:7 D:13 D:15)
  4 wargs (Orc:1 Orc:2 Vaults:3)
  11 water moccasins (Lair:1 Lair:2 Lair:3 Lair:4 Lair:5)
  A soldier ant (D:13)
  6 hell hounds (Volcano D:15)
  6 porcupines (Lair:1 Lair:2 Lair:4 Lair:5)
  2 large abominations (Abyss:2)
  6 black bears (D:5 D:6 Lair:6 D:9 D:12)
  46 orc warriors (D:6 D:7 D:8 Orc:1 Orc:2)
  An eye of draining (shapeshifter) (D:14)
  4 sky beasts (D:7 D:10 D:12 D:15)
  3 ice beasts (D:9 D:11)
  2 phantoms (D:8 D:9)
  An ogre skeleton (Vaults:1)
  30 ogres (D:5 D:7 D:9 Orc:1 Orc:2)
  11 boggarts (Lair:6 Vaults:2 Vaults:3)
  A necrophage (D:12)
  35 wolves (Lair:3 Lair:4 Lair:5 Lair:6)
  20 centaurs (D:6 D:7 D:9 D:12 D:14)
  13 crocodiles (D:8 Lair:2 Lair:3 Lair:4 Lair:5)
  13 bullfrogs (D:7 D:8 Lair:3 Lair:4 Lair:5)
  A small abomination (Abyss:2)
  A wyvern zombie (D:9)
  6 scorpions (D:5 D:7 D:9 D:10 D:13)
  12 killer bees (D:8)
  5 wights (D:12)
  2 electric eels (D:7 Lair:1)
  4 howler monkeys (D:8 D:9)
  7 lava snakes (Volcano)
  A quasit (D:14)
  A bullfrog zombie (D:13)
  10 crimson imps (D:5 D:6 D:8 D:10 D:11)
  A starcursed mass (Abyss:2)
  27 orc priests (D:6 D:10 Orc:1 Orc:2 D:11)
  A bullfrog skeleton (D:7)
  2 centaur skeletons (D:10 D:15)
  5 hounds (D:7 D:8 D:11)
  2 jellies (D:6 D:9)
  17 orc wizards (D:6 D:7 Orc:1 Orc:2 D:11)
  Terence (D:3)
  3 iguanas (D:5 D:13)
  14 worker ants (D:4 D:5 D:7 D:8 D:11)
  Ijyb (D:3)
  Natasha (thrice) (D:2)
  2 hound zombies (D:8 D:10)
  A hound skeleton (D:10)
  A worker ant zombie (D:7)
  Robin (D:2)
  4 gnolls (D:11)
  13 adders (D:2 D:3 D:4 D:5 D:7)
  2 shadow imps (D:5 D:10)
  3 white imps (Lair:6)
  2 oozes (D:1 D:2)
  An adder zombie (D:7)
  4 worms (D:2 D:4)
  11 leopard geckos (D:1 D:3 D:5 D:7 D:8)
  87 orcs (D:3 D:4 D:6 D:7 D:8)
  8 giant cockroaches (D:2 D:3 D:6)
  14 goblins (D:1 D:2)
  10 hobgoblins (D:1 D:2 D:3)
  10 jackals (D:2 D:5 D:9)
  11 kobolds (D:1 D:2)
  5 quokkas (D:2 D:6 D:9 D:11)
  A ball python (D:1)
  7 bats (D:1 D:2 D:3)
  7 frilled lizards (D:1 D:2 D:3 D:5)
  A jackal skeleton (D:4)
  2 quokka skeletons (D:6 D:8)
  11 rats (D:1 D:2 D:3)
  3 plants (Shoals:3 Shoals:4)
  8 tentacles (Shoals:1 Shoals:3 Shoals:4)
1596 creatures vanquished.

Vanquished Creatures (collateral kills)
  An emperor scorpion (Spider:4)
  A death knight (D:12)
2 creatures vanquished.

Vanquished Creatures (others)
  An unseen horror (D:15)
  A deep elf mage (Vaults:3)
  A jumping spider (Spider:2)
  A hornet (Spider:1)
  A bullfrog (D:15)
  2 bushes (Lair:3 Lair:5)
  13 fungi (Lair:1 Lair:3 Lair:5 Lair:6 Shoals:3)
  12 plants (Lair:1 Lair:3 Lair:5 Lair:6 Shoals:3)
  26 tentacles (Shoals:1 Shoals:3 Shoals:4)
  15 toadstools (Lair:1)
73 creatures vanquished.

Grand Total: 1671 creatures vanquished

Notes
Turn   | Place    | Note
-------+----------+-------------------------------------------
     0 | D:1      | Monsterracer the Gargoyle Skald began the quest for the
                  | Orb.
     0 | D:1      | Reached XP level 1. HP: 12/12 MP: 3/3
    90 | D:1      | Reached XP level 2. HP: 17/18 MP: 5/5
   597 | D:1      | Reached XP level 3. HP: 20/22 MP: 6/6
  1278 | D:2      | Reached skill level 1 in Shields
  1421 | D:2      | Reached skill level 3 in Fighting
  1478 | D:2      | Noticed Natasha
  1483 | D:2      | Killed Natasha
  1483 | D:2      | Reached XP level 4. HP: 25/28 MP: 4/7
  1544 | D:2      | Noticed Robin
  1595 | D:2      | Killed Robin
  1866 | D:2      | Reached XP level 5. HP: 24/32 MP: 8/8
  2055 | D:2      | Noticed Natasha
  2067 | D:2      | HP: 10/32 [Natasha/magic dart (7)]
  2068 | D:2      | Killed Natasha
  2653 | D:2      | Noticed Natasha
  2664 | D:2      | Killed Natasha
  3027 | D:3      | Noticed Ijyb
  3095 | D:3      | Killed Ijyb
  3095 | D:3      | Reached XP level 6. HP: 38/38 MP: 9/9
  3179 | D:3      | Found a faded altar of an unknown god.
  3211 | D:3      | Found a shadowy altar of Dithmenos.
  3283 | D:3      | Noticed Terence
  3309 | D:3      | Killed Terence
  3309 | D:3      | Reached skill level 4 in Fighting
  3651 | D:3      | Found an opulent altar of Gozag.
  4113 | D:5      | Entered Level 5 of the Dungeon
  4123 | D:5      | Reached skill level 5 in Maces & Flails
  4161 | D:5      | Reached XP level 7. HP: 25/44 MP: 10/10
  4163 | D:5      | HP: 18/44 [iguana (7)]
  4471 | D:5      | HP: 21/44 [ogre/+0 giant club (19)]
  5091 | D:5      | Reached skill level 5 in Fighting
  5092 | D:5      | HP: 22/44 [ogre/+0 giant club (17)]
  5098 | D:5      | Reached XP level 8. HP: 19/49 MP: 11/11
  5875 | D:6      | Noticed Grinder
  5888 | D:6      | Paralysed by Grinder for 2 turns
  5896 | D:6      | Paralysed by Grinder for 3 turns
  5902 | D:6      | HP: 22/50 [Grinder/nerve-wracking pain (7)]
  5903 | D:6      | Killed Grinder
  6044 | D:6      | HP: 25/51 [orc warrior/+0 trident (1)]
  6049 | D:6      | Reached skill level 5 in Shields
  6056 | D:6      | HP: 15/51 [orc/+0 mace (1)]
  6338 | D:6      | Noticed Sigmund
  6359 | D:6      | Killed Sigmund
  6359 | D:6      | Reached skill level 6 in Fighting
  6378 | D:6      | Identified the +9 plate armour of Moral Flaws {rF+ Slay+2}
  6422 | D:6      | Reached XP level 9. HP: 55/55 MP: 12/12
  6950 | D:7      | Noticed a troll
  6984 | D:7      | Killed a troll
  7233 | D:7      | Reached skill level 5 in Armour
  7270 | D:7      | Reached skill level 7 in Fighting
  7543 | D:7      | Got a fine robe
  7551 | D:7      | Found Juannici's Magic Scroll Shop.
  7592 | D:7      | Bought a scroll of silence for 112 gold pieces
  7592 | D:7      | Bought a scroll of blinking for 112 gold pieces
  7620 | D:7      | Found a staircase to the Ecumenical Temple.
  7731 | Temple   | Entered the Ecumenical Temple
  7835 | Temple   | Became a worshipper of Zin the Law-Giver
  7835 | Temple   | Reached * piety under Zin
  8135 | D:8      | Reached skill level 1 in Invocations
  8163 | D:8      | Reached XP level 10. HP: 38/63 MP: 13/13
  9298 | D:8      | Found a staircase to the Lair.
  9316 | D:8      | Reached ** piety under Zin
  9332 | Lair:1   | Entered Level 1 of the Lair of Beasts
  9366 | Lair:1   | Noticed a spiny frog
  9372 | Lair:1   | Killed a spiny frog
  9392 | Lair:1   | Noticed a black mamba
  9418 | Lair:1   | Killed a black mamba
  9418 | Lair:1   | Reached skill level 10 in Maces & Flails
  9547 | Lair:1   | Reached skill level 8 in Fighting
  9623 | Lair:1   | Noticed a spiny frog
  9631 | Lair:1   | HP: 32/64 [spiny frog (5)]
  9631 | Lair:1   | Noticed Urug
  9636 | Lair:1   | Killed a spiny frog
  9814 | Lair:1   | Killed Urug
  9953 | Lair:1   | Reached XP level 11. HP: 53/69 MP: 14/14
 10006 | Lair:1   | Found a runed translucent door.
 10032 | Lair:1   | Noticed a catoblepas
 10032 | Lair:1   | Noticed a lindwurm
 10165 | Lair:1   | You fall through a shaft!
 10165 | Lair:2   | Found a hole to the Spider Nest.
 11074 | Lair:3   | Noticed a six-headed hydra
 11097 | Lair:3   | Killed a six-headed hydra
 11114 | Lair:3   | HP: 34/69 [yak (9)]
 11161 | Lair:3   | Reached skill level 5 in Invocations
 11311 | Lair:3   | Found a staircase to the Shoals.
 11581 | Lair:3   | Reached skill level 9 in Fighting
 12112 | Lair:3   | Noticed an eight-headed hydra
 12208 | Lair:3   | Reached *** piety under Zin
 12213 | Lair:3   | Noticed a death yak
 12214 | Lair:3   | Noticed a death yak
 12214 | Lair:3   | Noticed a death yak
 12214 | Lair:3   | Noticed a death yak
 12214 | Lair:3   | Noticed a death yak
 12257 | Lair:3   | HP: 35/71 [eight-headed hydra (7)]
 12263 | Lair:3   | HP: 17/71 [eight-headed hydra (3)]
 12892 | Lair:3   | HP: 34/71 [eight-headed hydra (9)]
 12894 | Lair:3   | Killed an eight-headed hydra
 13053 | Lair:3   | HP: 30/71 [death yak (7)]
 13322 | Lair:4   | Reached XP level 12. HP: 60/76 MP: 16/16
 13363 | Lair:4   | HP: 30/76 [elephant (10)]
 13389 | Lair:4   | HP: 25/76 [elephant (9)]
 13399 | Lair:4   | HP: 27/76 [elephant (1)]
 13410 | Lair:4   | HP: 24/76 [spiny frog (6)]
 13423 | Lair:4   | HP: 20/76 [spiny frog (7)]
 13456 | Lair:3   | HP: 35/76 [elephant (2)]
 14564 | Lair:5   | HP: 37/77 [polar bear (4)]
 14584 | Lair:5   | HP: 37/77 [wolf (4)]
 14594 | Lair:5   | Reached skill level 10 in Fighting
 14704 | Lair:5   | Got a shimmering war axe
 14705 | Lair:5   | Identified the cursed +0 war axe "Potoh" {speed, Fragile
                  | MR+ Str+4} (You found it on level 5 of the Lair of Beasts)
 14957 | Lair:5   | Found a dark tunnel.
 15072 | Volcano  | Entered a volcano
 15171 | Volcano  | Reached skill level 10 in Shields
 15187 | Volcano  | Reached XP level 13. HP: 83/83 MP: 18/18
 15272 | Volcano  | HP: 39/83 [fire bat (3)]
 15428 | Volcano  | Found a radiant altar of Vehumet.
 15481 | Volcano  | Found a radiant altar of Vehumet.
 15489 | Volcano  | Reached **** piety under Zin
 15783 | Lair:6   | Entered Level 6 of the Lair of Beasts
 16058 | Lair:6   | HP: 29/83 [polar bear (13)]
 16061 | Lair:6   | HP: 11/83 [polar bear (14)]
 16075 | Lair:6   | HP: 4/83 [blink frog (9)]
 16713 | Lair:6   | Found a runed translucent door.
 16714 | Lair:6   | Found a viscous altar of Jiyva.
 16714 | Lair:6   | Noticed an acid blob
 17003 | Lair:6   | HP: 39/84 [death yak (11)]
 17010 | Lair:6   | HP: 40/84 [death yak (1)]
 17016 | Lair:6   | HP: 35/84 [death yak (6)]
 17025 | Lair:6   | HP: 32/84 [death yak (5)]
 17034 | Lair:6   | Found a staircase to the Slime Pits.
 17074 | Lair:5   | HP: 40/84 [death yak (3)]
 17082 | Lair:5   | HP: 38/84 [death yak (3)]
 17087 | Lair:5   | Reached skill level 10 in Armour
 17298 | Lair:6   | Reached skill level 11 in Fighting
 17328 | Lair:6   | Reached ***** piety under Zin
 17441 | Lair:6   | Noticed an ice dragon
 17460 | Lair:6   | Killed an ice dragon
 18604 | Lair:3   | Gained mutation: Your large and strong wings let you fly
                  | indefinitely. [Gargoyle growth]
 18604 | Lair:3   | Reached XP level 14. HP: 82/90 MP: 20/20
 19069 | Lair:1   | You are sucked into a shaft!
 19709 | Lair:1   | Reached skill level 12 in Fighting
 19751 | Lair:1   | HP: 46/92 [electric eel/bolt of electricity (1)]
 19760 | Lair:1   | HP: 30/92 [lindwurm/blast of flame (9)]
 19791 | Lair:1   | Reached ****** piety under Zin
 19792 | Lair:1   | Identified the Guide on Transformation
 20038 | D:9      | Found Elasepsofu's Armour Boutique.
 20299 | D:9      | Bought a +1 pair of gloves of dexterity for 264 gold pieces
 20332 | D:9      | Found a staircase to the Orcish Mines.
 20363 | D:9      | Found the +10 large shield of Ignorance {rN+ Int-4}
 20366 | D:9      | Found a runed translucent door.
 20392 | D:9      | Found a runed translucent door.
 20482 | D:9      | HP: 40/92 [ice beast[an orange crystal statue] (8)]
 20489 | D:9      | HP: 40/92 [killer bee[an orange crystal statue] (1)]
 20494 | D:9      | HP: 39/92 [killer bee[an orange crystal statue] (2)]
 20499 | D:9      | HP: 36/92 [killer bee[an orange crystal statue] (4)]
 20507 | D:9      | HP: 30/92 [killer bee[an orange crystal statue] (3)]
 20549 | D:9      | HP: 36/92 [scorpion[an orange crystal statue] (3)]
 20803 | D:10     | Entered Level 10 of the Dungeon
 21309 | Orc:1    | Entered Level 1 of the Orcish Mines
 21724 | Orc:2    | Entered Level 2 of the Orcish Mines
 21828 | Orc:2    | Found a staircase to the Elven Halls.
 21942 | Orc:2    | Found Jinuruy's Antique Weapon Emporium.
 22021 | Orc:1    | HP: 43/92 [orc knight/+0 battleaxe (7)]
 22235 | Orc:2    | HP: 33/92 [orc warrior/+0 short sword (18)]
 22567 | Orc:1    | HP: 46/92 [orc warrior/+0 halberd (9)]
 22575 | Orc:2    | HP: 29/92 [orc priest/divine providence (10)]
 23232 | Orc:2    | Paralysed by an orc sorcerer for 6 turns
 23243 | Orc:2    | Paralysed by an orc sorcerer for 7 turns
 23248 | Orc:2    | HP: 45/92 [orc priest/nerve-wracking pain (5)]
 23274 | Orc:2    | HP: 35/92 [orc priest/divine providence (11)]
 23287 | Orc:2    | HP: 29/92 [orc high priest/divine providence (9)]
 23294 | Orc:2    | HP: 20/92 [orc high priest/divine providence (11)]
 23699 | Orc:2    | Paralysed by an orc sorcerer for 7 turns
 23707 | Orc:2    | HP: 36/92 [ice devil[an orc sorcerer] (16)]
 23714 | Orc:2    | HP: 26/92 [smoke demon[an orc sorcerer] (2)]
 23716 | Orc:2    | HP: 1/92 [ice devil[an orc sorcerer] (12)]
 24139 | Orc:2    | Found Zatteg's Distillery.
 24143 | Orc:2    | Found Liwat's Book Shop.
 24166 | Orc:2    | Found Fulus's Distillery.
 24177 | Orc:2    | Bought an eveningstar for 420 gold pieces
 24180 | Orc:2    | Bought 2 potions of heal wounds for 130 gold pieces
 24180 | Orc:2    | Bought a potion of heal wounds for 65 gold pieces
 24180 | Orc:2    | Bought a potion of might for 52 gold pieces
 24180 | Orc:2    | Bought a potion of mutation for 104 gold pieces
 24180 | Orc:2    | Bought a potion of magic for 104 gold pieces
 24190 | Orc:2    | Bought 2 potions of cancellation for 256 gold pieces
 24190 | Orc:2    | Bought a potion of resistance for 160 gold pieces
 24697 | D:11     | Reached skill level 15 in Maces & Flails
 24813 | D:11     | Reached XP level 15. HP: 97/97 MP: 22/22
 25279 | D:12     | Found a stormy altar of Qazlal.
 25337 | D:12     | Noticed Nessos
 25361 | D:12     | Killed Nessos
 25651 | D:12     | HP: 38/97 [death knight/+1 great mace of protection (16)]
 25658 | D:12     | HP: 31/97 [??? (8)]
 25662 | D:12     | HP: 15/97 [??? (3)]
 27161 | D:13     | Reached skill level 10 in Invocations
 27726 | D:13     | Reached skill level 13 in Fighting
 27908 | D:14     | Found a gate to the Vaults.
 29060 | D:15     | Entered Level 15 of the Dungeon
 29182 | D:15     | Found a roughly hewn altar of Beogh.
 29519 | D:15     | Found a staircase to the Depths.
 29527 | D:15     | Reached XP level 16. HP: 93/105 MP: 23/23
 29780 | D:15     | Noticed Azrael
 29791 | D:15     | Reached skill level 5 in Dodging
 29817 | D:15     | Killed Azrael
 29920 | D:15     | Noticed Agnes
 29937 | D:15     | Killed Agnes
 30083 | D:15     | Reached skill level 14 in Fighting
 30298 | D:15     | Noticed Louise
 30311 | D:15     | Cast into level 2 of the Abyss (Louise)
 30501 | Abyss:2  | Found a corrupted altar of Lugonu.
 30569 | Abyss:2  | Paralysed by accursed screaming for 1 turns
 30579 | Abyss:2  | HP: 48/106 [starcursed mass/accursed screaming (9)]
 30580 | Abyss:2  | Paralysed by accursed screaming for 1 turns
 30584 | Abyss:2  | HP: 41/106 [thrashing horror (1)]
 30651 | Abyss:2  | HP: 53/106 [sixfirhy (4)]
 30656 | Abyss:2  | HP: 36/106 [smoke demon/divine providence (16)]
 30662 | Abyss:2  | HP: 35/106 [smoke demon (2)]
 30668 | Abyss:2  | HP: 19/106 [smoke demon/divine providence (12)]
 30748 | Abyss:2  | HP: 37/106 [naga mage/+0 halberd (3)]
 30758 | Abyss:2  | Noticed a bone dragon
 30844 | Abyss:2  | HP: 48/106 [purple very ugly thing (8)]
 30851 | Abyss:2  | HP: 40/106 [soul eater/drain life (9)]
 31284 | Abyss:2  | Noticed a bone dragon
 31308 | Abyss:2  | HP: 53/106 [raiju/living lightning (4)]
 31563 | D:15     | Escaped the Abyss
 31602 | D:15     | Killed Louise
 31958 | D:9      | HP: 48/107 [yak[an orange crystal statue] (7)]
 31968 | D:9      | HP: 52/107 [efreet/fireball[an orange crystal statue] (6)]
 31999 | D:9      | HP: 47/107 [orc warrior/+0 dire flail[an orange crystal
                  | statue] (10)]
 32310 | Spider:1 | Entered Level 1 of the Spider Nest
 32823 | Spider:1 | HP: 52/107 [jumping spider (6)]
 32828 | Spider:1 | HP: 34/107 [wolf spider (11)]
 32838 | Lair:2   | HP: 28/107 [jumping spider (9)]
 32998 | Temple   | Fell from the grace of Zin
 32998 | Temple   | Became a worshipper of the Shining One
 32998 | Temple   | Reached * piety under the Shining One
 32998 | Temple   | Reached ** piety under the Shining One
 32998 | Temple   | Reached *** piety under the Shining One
 33583 | Spider:2 | Reached **** piety under the Shining One
 33622 | Spider:2 | HP: 52/107 [tarantella (5)]
 33628 | Spider:2 | HP: 45/107 [jumping spider (3)]
 33679 | Spider:2 | HP: 46/107 [jumping spider (7)]
 33686 | Spider:2 | HP: 32/107 [disintegration (16)]
 33692 | Spider:2 | Reached skill level 15 in Fighting
 33771 | Spider:2 | HP: 47/108 [ghost moth (9)]
 34396 | Spider:2 | You are sucked into a shaft!
 34405 | Spider:3 | Reached XP level 17. HP: 113/113 MP: 26/26
 35408 | Spider:3 | HP: 56/114 [disintegration (11)]
 35421 | Spider:3 | HP: 52/114 [jumping spider (8)]
 35540 | Spider:3 | HP: 45/114 [disintegration (41)]
 35742 | Spider:4 | Entered Level 4 of the Spider Nest
 35751 | Spider:4 | Reached ***** piety under the Shining One
 36074 | Spider:4 | Reached skill level 16 in Fighting
 36563 | Spider:4 | Got a gossamer rune of Zot
 36754 | Shoals:1 | Entered Level 1 of the Shoals
 36754 | Shoals:1 | Found a runed translucent gate.
 36754 | Shoals:1 | Found a runed translucent gate.
 36754 | Shoals:1 | Found a runed translucent gate.
 36959 | Shoals:1 | Reached XP level 18. HP: 104/122 MP: 27/27
 37177 | Shoals:1 | Noticed Sharpo's ghost (adept GrFi)
 37396 | Shoals:1 | HP: 59/122 [Sharpo's ghost (12)]
 37403 | Shoals:1 | Killed Sharpo's ghost
 37420 | Shoals:1 | HP: 59/122 [tentacle[a spectral kraken] (3)]
 37428 | Shoals:1 | Got a warped silver ring
 37430 | Shoals:1 | Identified the ring "Tujo" {+Fly rC+ SInv Stlth-} (You
                  | found it on level 1 of the Shoals)
 37742 | Shoals:2 | Reached skill level 17 in Fighting
 37754 | Shoals:2 | Got a pitted lapis lazuli ring
 37756 | Shoals:2 | Identified the cursed ring of the Sunfish {MP+9 EV-6 Int+4
                  | SInv Stlth+} (You found it on level 2 of the Shoals)
 38352 | Shoals:3 | HP: 59/124 [tentacle[a kraken] (11)]
 38450 | Shoals:3 | Noticed Ilsuiw
 38491 | Shoals:3 | HP: 60/124 [harpy (10)]
 38500 | Shoals:3 | HP: 59/124 [harpy (1)]
 38905 | Shoals:3 | Killed Ilsuiw
 39198 | Shoals:4 | Entered Level 4 of the Shoals
 39457 | Shoals:4 | Reached skill level 18 in Fighting
 39700 | Shoals:4 | Reached XP level 19. HP: 73/130 MP: 29/29
 39726 | Shoals:4 | Got a glittering sapphire amulet
 39727 | Shoals:4 | Identified the amulet "Xamow" {Harm *Drain rF++} (You found
                  | it on level 4 of the Shoals)
 39770 | Shoals:4 | Reached skill level 15 in Shields
 40108 | Shoals:4 | Got a barnacled rune of Zot
 40451 | Vaults:1 | Entered Level 1 of the Vaults
 40489 | Vaults:1 | Paralysed by an ogre mage for 7 turns
 40727 | Vaults:1 | Noticed Saint Roka
 40749 | Vaults:1 | HP: 63/131 [Saint Roka/divine providence (11)]
 40755 | Vaults:1 | HP: 47/131 [Saint Roka/divine providence (15)]
 40764 | Vaults:1 | Killed Saint Roka
 41260 | Vaults:1 | Reached ****** piety under the Shining One
 41317 | Vaults:1 | Reached skill level 15 in Armour
 41342 | Vaults:1 | HP: 59/132 [deep elf knight/shard of ice[an ironheart
                  | preserver] (14)]
 41349 | Vaults:1 | HP: 47/132 [deep elf archer/arrow[an ironheart preserver]
                  | (10)]
 41355 | Vaults:1 | HP: 47/132 [fire dragon/blast of flame (3)]
 41360 | Vaults:1 | HP: 27/132 [deep elf archer/arrow[an ironheart preserver]
                  | (7)]
 41368 | Vaults:1 | HP: 25/132 [fire dragon/blast of flame (5)]
 41432 | D:14     | HP: 42/132 [fire dragon/blast of flame (3)]
 42154 | Vaults:1 | Reached skill level 19 in Fighting
 42493 | Vaults:1 | Found a roughly hewn altar of Beogh.
 42517 | Vaults:1 | HP: 66/132 [orc knight/+2 dire flail of draining (32)]
 42525 | Vaults:1 | HP: 59/132 [orc knight/+2 dire flail of draining (9)]
 42591 | Vaults:1 | HP: 66/132 [orc priest/divine providence (15)]
 42910 | Vaults:1 | Reached skill level 15 in Invocations
 42989 | Vaults:2 | Found Nyaty's Jewellery Boutique.
 43009 | Vaults:2 | Bought the amulet of the Four Winds {rN+ MR+++ Clar} for
                  | 439 gold pieces
 43009 | Vaults:2 | Found the amulet of the Four Winds {rN+ MR+++ Clar}
 43210 | Vaults:2 | Reached XP level 20. HP: 115/139 MP: 31/31
 43903 | Vaults:2 | Got a scorched arbalest
 44421 | Vaults:2 | Found the +3 crown of Dyrovepreva {rElec Int+2 SInv}
 44647 | Vaults:2 | Got a distressingly furry leather armour
 44727 | Vaults:3 | Identified the +0 helmet of Gravitas {rElec rN++ Dex-4
                  | SInv} (You found it on level 3 of the Vaults)
 45236 | Vaults:3 | Found a staircase to the Crypt.
 45247 | Vaults:3 | Reached skill level 20 in Fighting
 45306 | Vaults:3 | Found a ruined gateway.
 45325 | Desolati | Entered the Desolation of Salt
 45481 | Desolati | Identified the Incunabulum of Toxins and Fire
 45671 | Desolati | Found the +3 warlock's mirror {reflect}
 45677 | Desolati | Got a flickering glass ring
 45687 | Desolati | Identified the ring of Oroenico {rF+ AC+3 Int+4} (You found
                  | it in the Desolation of Salt)
 45694 | Desolati | Identified the Disquisition on Displacement and Cold
 45848 | Desolati | Identified the Volume of Enthralling Translocation
 45856 | Desolati | Identified the Incunabulum of Toxins
 45867 | Desolati | Got a transparent whip
 46000 | Desolati | Reached XP level 21. HP: 147/147 MP: 33/33
 46175 | Vaults:3 | Found Qiotreh's Assorted Antiques.
 47357 | Vaults:4 | HP: 66/148 [deep troll[an ironheart preserver] (13)]
 47786 | Vaults:4 | Noticed Boris
 47802 | Vaults:4 | Killed Boris
 47802 | Vaults:4 | Reached skill level 21 in Fighting
 47863 | Vaults:4 | Noticed Asterion
 47872 | Vaults:4 | Killed Asterion
 48215 | Vaults:4 | Found the +3 salamander hide armour {+Rage rF++}
 48216 | Vaults:4 | Found Gery's Weapon Boutique.
 48922 | Vaults:5 | Entered Level 5 of the Vaults
 49048 | Vaults:5 | Noticed an ancient lich
 49061 | Vaults:5 | HP: 39/148 [ancient lich/crystal spear (71)]
 49067 | Vaults:5 | HP: 31/148 [ancient lich (2)]
 49080 | Vaults:5 | HP: 30/148 [orc knight/+0 halberd (4)]
 49082 | Vaults:5 | The Shining One protects you from harm!
 49086 | Vaults:5 | HP: 22/148 [ancient lich/bolt of acid (33)]
 49088 | Vaults:5 | Killed from afar by an ancient lich

Skill      XL: |  1  2  3  4  5  6  7  8  9 10 11 12 13 14 15 16 17 18 19 20 21 |
---------------+----------------------------------------------------------------+-----
Maces & Flails | 3 4 5 6 7 9 10 11 13 14 15 16 | 16.0
Shields        | 1 2 3 4 5 6 7 8 10 11 12 13 14 15 16 17 | 17.4
Fighting       | 3 4 5 6 7 8 9 10 11 12 13 15 16 18 19 20 21 | 21.1
Armour         | 2 3 5 6 8 9 10 11 12 13 14 15 16 17 | 17.0
Invocations    | 1 4 5 7 9 10 12 13 14 15 16 17 | 17.5
Dodging        | 2 3 4 5 |  5.2
Spellcasting   | |  2.0
Charms         | |  2.6

Action                   |  1- 3 |  4- 6 |  7- 9 | 10-12 | 13-15 | 16-18 | 19-21 || total
-------------------------+-------+-------+-------+-------+-------+-------+-------++-------
Melee: Mace              |   136 |   333 |   210 |       |       |       |       ||   679
       Flail             |       |       |   307 |  1123 |  1585 |       |       ||  3015
       Morningstar       |       |       |       |       |   128 |       |       ||   128
       Eveningstar       |       |       |       |       |   829 |  1817 |  1635 ||  4281
Throw: Throwing net      |       |       |     1 |       |       |       |       ||     1
 Cast: Infusion          |     1 |       |       |       |       |       |       ||     1
Invok: Vitalisation      |       |       |       |     2 |       |       |       ||     2
       Recite            |       |       |       |       |     6 |     8 |       ||    14
       Cleansing Flame   |       |       |       |       |       |    10 |    16 ||    26
       Summon Divine War |       |       |       |       |       |     1 |       ||     1
 Abil: Fly               |       |       |       |       |     1 |       |       ||     1
Evoke: Wand              |       |       |       |     2 |     7 |     4 |     1 ||    14
       Sack of spiders   |       |       |       |       |     2 |     1 |       ||     3
       Lamp of fire      |       |       |       |       |       |       |     1 ||     1
  Use: Scroll            |       |    11 |     8 |     6 |    12 |    10 |     7 ||    54
       Potion            |       |       |       |     2 |     3 |     3 |     5 ||    13
 Stab: Held in net/web   |       |       |     1 |       |       |       |       ||     1
       Confused          |       |       |       |       |     5 |       |       ||     5
       Paralysed         |       |       |       |       |     3 |     2 |       ||     5
       Distracted        |       |       |       |       |       |     1 |       ||     1
  Eat: Chunk             |     1 |    10 |    12 |    20 |    24 |    19 |    34 ||   120
       Ration            |       |       |     1 |     1 |     9 |     5 |       ||    16
Armor: Leather armour    |     7 |       |       |       |       |       |       ||     7
       Ring mail         |    81 |   108 |       |       |       |       |       ||   189
       Chain mail        |       |    72 |   213 |       |       |       |       ||   285
       Plate armour      |       |       |   171 |   784 |  1589 |  2070 |   828 ||  5442
Dodge: Dodged            |    71 |    87 |   106 |   200 |   517 |   598 |   258 ||  1837
Block: Shield            |    43 |   118 |   288 |   583 |  1250 |   178 |       ||  2460
       Large shield      |       |       |       |       |       |  2008 |  1408 ||  3416

Levels and vault maps discovered:
D:1:      onia_arrival_mini_maze, layout_basic, minmay_tripent
D:2:      layout_basic, first_ration, serial_forest,
          infiniplex_forest_clump_tiny, infiniplex_forest_straight_2,
          infiniplex_forest_clump_tiny, infiniplex_forest_straight_2,
          infiniplex_forest_lined_3, infiniplex_forest_straight_4,
          infiniplex_forest_clump_small, uniq_robin, uniq_natasha
D:3:      layout_rooms, marbit_many_paths, chequers_ecumenical_altar_island,
          grunt_dithmenos_smoke, uniq_ijyb, uniq_terence
D:4:      layout_rooms
D:5:      layout_basic, eino_tiny_chamber, nrook_uturn
D:6:      layout_basic, serial_park_tiny_1, uniq_sigmund, uniq_grinder
D:7:      layout_basic, temple_hall, serial_shops, nicolae_shop_crystal,
          grunt_ogre_cave, nicolae_lava_and_water
D:8:      layout_layer_cave, dpeg_oklobed_lair
D:9:      layout_rooms, orc_0_dummy, serial_shops, nicolae_shop_behind_doors,
          chequers_guarded_unrand_ignorance
D:10:     layout_loops_cross
D:11:     layout_irregular_city, roderic_serpentine_path
D:12:     layout_grid_maze, grunt_qazlal_clouds, uniq_nessos
D:13:     kennysheep_ambush_hall, layout_loops_ring, minmay_librarian
D:14:     layout_irregular_city, skrybe_vaults_entry_preservation,
          roderic_lattice_octagonal_star, st_stairs_13
D:15:     hangedman_depths_entry_try_elsewhere_first, layout_basic, special_room
          [special_room_orc], uniq_louise, uniq_azrael, uniq_agnes
Temple:   kilobyte_greek_temple
Lair:1:   gammafunk_lair_enchanted_lake, layout_hall_layers,
          serial_bayou_pond_d, uniq_urug
Lair:2:   layout_hall_layers, spider_nest_entry_web_field, grunt_megastairs_3
Lair:3:   layout_layer_cave, elwin_shoals_entry_rocks, minivault_25,
          beast_lair_carwin_9
Lair:4:   layout_hall_layers, grunt_megastairs_4
Lair:5:   layout_roguey, nicolae_volcano_entry_vermiform,
          infiniplex_staircase_pool_2
Lair:6:   minmay_lair_end_enchanted_forest, layout_cave_pods, slime_altar_2,
          bobbens_ice_dragon_lair
Shoals:1: layout_shoals, ebering_ghost_davey_jones
Shoals:2: layout_shoals
Shoals:3: layout_shoals, st_cyclops, uniq_ilsuiw
Shoals:4: shoals_end_hangedman, layout_shoals, nicolae_shoals_loop_pool
Spider:1: layout_spider_delve
Spider:2: layout_spider_delve
Spider:3: layout_spider_delve
Spider:4: grunt_spider_rune_circles
Orc:1:    layout_caves
Orc:2:    st_orc_elflike, layout_diamond_mine
Vaults:1: grunt_vaults_twisty, nicolae_vaults_ring_of_whatevers, v_misc_13,
          ontoclasm_vaults_hangar, hangedman_vaults_trim, special_room_vaults
          [special_room_orc], nicolae_vaults_little_ls,
          nicolae_vaults_network_s, layout_vaults_chaotic_city, uniq_saint_roka
Vaults:2: nicolae_vaults_statue_guard, hangedman_vaults_impose,
          grunt_vaults_trifunnel, nicolae_vaults_theta,
          nicolae_vaults_ninety_degrees, nicolae_vaults_yaktaur_gun_rack,
          v_alt_pattern_5, ontoclasm_vaults_decontamination,
          vaults_dpeg_diagonal, nicolae_vaults_network_barrier,
          grunt_vaults_diagonal, ontoclasm_vaults_pinch,
          grunt_vaults_hallway_short, v_rooms_2, layout_vaults_maze_bifur,
          serial_shops, shop
Vaults:3: minmay_crypt_entry_simple_statues, ontoclasm_vaults_tryst, v_misc_4,
          nicolae_vaults_network_quincunx
          [nicolae_vaults_network_quincunx_subvault,
          nicolae_vaults_network_quincunx_subvault,
          nicolae_vaults_network_quincunx_subvault,
          nicolae_vaults_network_quincunx_subvault,
          nicolae_vaults_network_quincunx_subvault], nicolae_vaults_meeting,
          grunt_vaults_funnel, hangedman_vaults_capsules,
          nicolae_vaults_circle_grid_a, v_misc_26,
          hangedman_vaults_stretched_pinwheel, vaults_room_grid,
          vaults_mumra_hexcomb, layout_vaults_omnibox, serial_shops,
          nicolae_shop_overgrown_old_shop, portal_desolation_entry_salt
Vaults:4: grunt_vaults_hallway_short, v_misc_13, v_misc_11, v_alt_pattern_3,
          vaults_room_fours, sword_in_stone, nicolae_vaults_little_squares_3,
          ontoclasm_vaults_fault, hangedman_vaults_impose, vaults_room_fours,
          layout_vaults_quadrants, serial_shops, shop, uniq_boris
Vaults:5: serial_shops
Abyss:2:  lemuel_flamethrower_2
Volcano:  volcano_grotto [vgs_dualism]
Desolation
